AoeStats
← BeefBro

Nomad

506736926Analyzed
4v4 RM · 19d ago on Sep 14, 2026· 29m 29s· 8 players
Game mode
Random Map
Map size
231×231
Population
200
Speed
Normal
Resources
Standard
Victory
Conquest
Starting age
Dark Age
Ending age
Imperial Age
RankedLock teamsTeams togetherTeam positionsShared explorationLock speedFull tech treeHidden civsTurbo modeCheats
Victory
Defeat
🇸🇮 Khmer · Slovenia
1976
+3
🇺🇸 Celts · United States
1562
+14
🇱🇻 Aztecs · Latvia
1469
+18
🇺🇸 Goths · United States
1384
+21
🇦🇷 Magyars · Argentina
1599
-17
🇩🇪 Lithuanians · Germany
1554
-14
🇩🇪 Shu · Germany
1537
-13
🇩🇪 Sicilians · Germany
1508
-12
Matzeking
14:23 Feudal Age
15:10 Double-Bit Axe
17:44 Town Watch
17:46 Loom
20:08 Castle Age
19:26 Gold Mining
21:59 Medium Warships
24:36 Scale Barding Armor
24:21 Horse Collar
29:15 Town Watch
30:10 Chain Barding Armor
Hommi
3:54 Loom
14:21 Feudal Age
18:33 Castle Age
17:54 Double-Bit Axe
20:33 Town Watch
Kempinho
4:18 Loom
15:13 Feudal Age
天崩地裂
4:57 Loom
21:23 Feudal Age
23:24 Town Watch
30:33 Castle Age
BeefBro
2:59 Loom
14:19 Feudal Age
15:01 Town Watch
15:02 Double-Bit Axe
14:58 Fishing Lines
15:30 Gold Mining
17:57 Castle Age
19:01 Medium Warships
19:02 Bow Saw
22:09 Gillnets
23:36 Horse Collar
25:50 Wheelbarrow
25:16 Anarchy
26:11 Scale Mail Armor
26:22 Forging
26:13 Squires
27:13 Chain Mail Armor
28:18 Iron Casting
31:15 Imperial Age
29:01 Hand Cart
29:04 Town Patrol
Dovecar
5:05 Loom
11:38 Feudal Age
12:10 Double-Bit Axe
17:30 Fishing Lines
18:48 Fletching
24:19 Castle Age
24:47 Scale Barding Armor
24:36 Gold Mining
24:29 Horse Collar
25:35 Medium Warships
26:06 Bow Saw
26:12 Forging
27:13 Husbandry
29:54 Wheelbarrow
30:07 Chain Barding Armor
30:00 Bloodlines
Liangyu
4:20 Loom
14:04 Feudal Age
14:48 Town Watch
14:51 Double-Bit Axe
17:36 Castle Age
15:32 Gold Mining
15:33 Fishing Lines
16:59 Wheelbarrow
18:36 Bow Saw
19:47 Gold Shaft Mining
22:39 Sanctity
23:27 Redemption
24:15 Gillnets
26:36 Hand Cart
29:35 Fervor
bipeng2008
3:36 Loom
19:59 Feudal Age
21:56 Double-Bit Axe
25:22 Castle Age
24:05 Forging
24:16 Scale Barding Armor
27:28 Bow Saw
26:59 Horse Collar
Connection lost

Rejoining the realm…

Still unreachable

The connection could not be restored.

Session expired

The server has moved on; the page needs a fresh start.